Cogmind - Beta 16.1 @@@ ROGUE MODE // 2026.03.24 @ 17:31:54 Player: Skrub Result: Destroyed by EZ-UH0(R) with Subdweller Laser Performance ------------- Evolutions (0) 0 Regions Visited (2) 400 Robots Destroyed (30) 150 Value Destroyed (714) 714 Prototype IDs (1) 20 Alien Tech Used (0) 0 Bonus (0) 0 TOTAL SCORE: 1284 Bonus ------- None Cogmind --------- Core Integrity 0/250 Matter 300/300 Energy 198/200 System Corruption 0% Temperature Cool (7) Movement Treading (160) Location -10/Subcaves Parts ------- > --- POWER (1) -------- Subdweller Power Source > --- PROPULSION (2) --- Spiked Treads > --- UTILITY (2) ------ (None) > --- WEAPON (2) ------- (None) > --- INVENTORY (5) ---- Makeshift Light Armor Plating Battle Rifle Light Cannon Battle Cannon Shrapnel Trap Peak State ------------ > --- POWER ------------ Improved Ion Engine > --- PROPULSION ------- Subdweller Monowheel Subdweller Monowheel > --- UTILITY ---------- Scrap Shield > --- WEAPON ----------- Heavy EM Pulse Gun Battle Cannon > --- INVENTORY -------- Heavy EM Pulse Gun Shrapnel Trap [Rating: 14] Favorites ----------- Power Subdweller Power Source Engine Subdweller Power Source Propulsion Improved Flight Unit Treads Light Treads Wheel Subdweller Monowheel Flight Unit Improved Flight Unit Utility Scrap Shield Storage Small Storage Unit Protection Scrap Shield Weapon Heavy EM Pulse Gun Energy Gun Heavy EM Pulse Gun Ballistic Gun Assault Rifle Ballistic Cannon Light Cannon Build | -11 -10 -10 ------- Run | Yrd Mat Sub Slots Evolved . | . . . Power . | . . . Propulsion . | . . . Utility . | . . . Weapon . | . . . Parts Attached 25 | 6 8 11 Power 5 | 1 1 3 Engine 5 | 1 1 3 Core . | . . . Reactor . | . . . Propulsion 8 | 2 2 4 Treads 3 | 2 . 1 Leg . | . . . Wheel 3 | . . 3 Hover . | . . . Flight 2 | . 2 . Utility 3 | 1 1 1 Device . | . . . Storage 1 | 1 . . Processor . | . . . Hackware . | . . . Protection 2 | . 1 1 Artifact . | . . . Weapon 9 | 2 4 3 Energy Gun 2 | . . 2 Energy Cannon . | . . . Ballistic Gun 4 | 2 2 . Ballistic Cannon 3 | . 2 1 Launcher . | . . . Special Weapon . | . . . Impact Weapon . | . . . Slashing Weapon . | . . . Piercing Weapon . | . . . Special Melee Weapon . | . . . Unidentified Prototypes 1 | . 1 . Parts Lost 7 | . 1 6 Power 2 | . . 2 Propulsion 1 | . 1 . Utility 1 | . . 1 Weapon 3 | . . 3 Highest Loss Streak 3 | . 1 3 To Critical Strikes . | . . . Average Backups 3 | . 3 3 Power . | . 1 . Propulsion . | . . . Utility . | . . . Weapon 1 | . 1 2 Tool/Special . | . . . Unused Backups 4 | . . 4 Power . | . . . Propulsion 1 | . . 1 Utility 1 | . . 1 Weapon 2 | . . 2 Tool/Special . | . . . Average Slot Usage (%) 72 | . 76 69 Engine 14 | . 14 14 Treads 10 | . 13 9 Wheel 3 | . . 5 Flight 7 | . 12 3 Storage 3 | . 7 . Protection 6 | . . 10 Energy Gun 13 | . . 22 Ballistic Gun 6 | . 15 . Ballistic Cannon 7 | . 11 4 Peak Build Rating 14 | 6 13 14 Average Rating 10 | 4 7 11 On Entrance 5 | . 6 9 Avg Prop Armor Cover (%) 5 | . 10 1 Naked Turns . | . . . Heaviest Build 31 | 13 16 31 Greatest Support 40 | 40 40 40 Greatest Overweight (x) 3 | . . 3 Average Overweight (x) . | . . . Largest Inventory Capacity 8 | 8 8 5 Average Capacity 5 | 7 6 5 Most Carried 6 | 1 6 5 Average Carried 3 | . 3 4 Final Capacity 8 | 8 5 5 Final Carried 5 | 1 5 5 Class Distribution -------------------- 100% | Mutant Dominant Class ---------------- Mutant | -10/Materials Mutant | -10/Subcaves Resources | -11 -10 -10 ----------- Run | Yrd Mat Sub Matter Collected 1110 | 221 496 393 Remotely . | . . . Salvage Created 773 | . 388 385 Parts 58 | . 29 29 Haulers Intercepted 1 | . 1 . Recyclers Shooed . | . . . Parts Field Recycled . | . . . Retrieved Matter . | . . . Parts Self-Destructed 6 | . . 6 Prevented 2 | . . 2 Parts Restored . | . . . Kills | -11 -10 -10 ------- Run | Yrd Mat Sub Combat Hostiles Destroyed 23 | . 11 12 Guns 12 | . 6 6 Cannons 11 | . 5 6 Classes Destroyed 8 | . 6 2 Hauler 1 | . 1 . Recycler 1 | . 1 . Operator 2 | . 2 . Watcher 3 | . 3 . Swarmer 9 | . 6 3 Grunt 7 | . 5 2 Sentry 1 | . . 1 Subdweller 6 | . . 6 Best Kill Streak 5 | . 5 3 Combat Bots Only 5 | . 5 3 Max Kills in Single Turn 2 | . 2 2 Gunslinging 1 | . . 1 Exploded . | . . . Melee . | . . . Uniques/NPCs Destroyed . | . . . Combat | -11 -10 -10 -------- Run | Yrd Mat Sub Hostile Shots Fired 193 | . 106 87 Missed 61 | . 27 34 Hits 132 | . 79 53 Projectile 132 | . 79 53 AOE 2 | . . 2 Critical Strikes 5 | . 3 2 Damage Taken 1804 | . 820 984 Core 253 | . 156 97 Absorbed by Shields . | . . . Core Remaining (%) 100 | 100 . . Volleys Fired 109 | . 56 53 Largest 2 | . 2 2 Hottest 90 | . 60 90 Shots Fired 190 | . 112 78 Gun 87 | . 58 29 Cannon 103 | . 54 49 Launcher . | . . . Special . | . . . Kinetic 161 | . 112 49 Thermal . | . . . Explosive . | . . . Electromagnetic 29 | . . 29 Robot Hit Streak 16 | . 15 16 Robot Miss Streak 4 | . 4 2 Penetration Max . | . . . Secondary Targets 7 | . 5 2 Max Gunslinging Chain 1 | . 1 1 Shots Hit Robots 106 | . 61 45 Core Hits 43 | . 24 19 Critical Kills . | . . . Critical Parts Destroyed . | . . . Critical Strikes 1 | . . 1 Blast 1 | . . 1 Melee Attacks . | . . . Impact . | . . . Slashing . | . . . Piercing . | . . . Sneak Attacks . | . . . Combat Hostiles . | . . . Follow-up Attacks . | . . . Damage Inflicted 1605 | . 929 676 Guns 731 | . 448 283 Cannons 874 | . 481 393 Explosions . | . . . Melee . | . . . Ramming . | . . . Kinetic 1322 | . 929 393 Thermal . | . . . Explosive . | . . . Electromagnetic 283 | . . 283 Impact . | . . . Slashing . | . . . Piercing . | . . . Highest Corruption . | . . . Average Corruption . | . . . Corruption Purged . | . . . Corruption Blocked . | . . . Overload Shots . | . . . Overflow Damage 19 | . 19 . Projectiles 19 | . 19 . Explosions . | . . . Melee . | . . . Knockbacks 14 | . 7 7 Impact . | . . . Kinetic 14 | . 7 7 Secondary . | . . . Self-Inflicted Damage . | . . . Shots . | . . . Rammed . | . . . Targets Rammed . | . . . Kicked . | . . . Crushed . | . . . Highest Temperature 77 | . 77 4 Average Temperature 16 | . 16 4 Received Heat Transfer 531 | . 318 213 Siege Activations . | . . . Martial Activations . | . . . Shielding Activations . | . . . Robots Disrupted . | . . . Combat Hostiles . | . . . Robots Corrupted . | . . . Combat Hostiles . | . . . Parts Fried 1 | . . 1 Impact Corruptions . | . . . Robots Melted . | . . . Combat Hostiles . | . . . Parts Melted . | . . . Heat Transferred . | . . . Parts Sabotaged . | . . . Parts Stolen . | . . . Parts Stripped . | . . . Power Chain Reactions . | . . . Alert | -11 -10 -10 ------- Run | Yrd Mat Sub Maximum Alert Level . | . . . Low Security (%) 100 | 100 100 . Level 1 . | . . . Level 2 . | . . . Level 3 . | . . . Level 4 . | . . . Level 5 . | . . . High Security . | . . . Max Security . | . . . Peak Influence 100 | . 100 . Initial . | . . . Average 31 | . 33 . Influence Increases 481 | . 351 130 Destroy 0b10 Robot/C 340 | . 220 120 Destroy 0b10 Robot/NC 35 | . 35 . Destroy Leader 68 | . 58 10 Successful Hack 8 | . 8 . Lose Combat Pursuer 30 | . 30 . Influence Decreases 481 | . 316 165 Entered New Map 18 | . . 18 Time Decay 436 | . 306 130 Lost Part 27 | . 10 17 Squads Dispatched 2 | . 2 . Investigation . | . . . Extermination . | . . . Reinforcement 2 | . 2 . Assault . | . . . Garrison . | . . . Intercept . | . . . Searches Triggered . | . . . Construction Impeded . | . . . Haulers Reinforced . | . . . Active Scanning Responses . | . . . Cargo Convoy Interrupts . | . . . Stealth | -11 -10 -10 --------- Run | Yrd Mat Sub Distress Signals 1 | . 1 . Communications Jammed . | . . . Distress Signals . | . . . Times Spotted 46 | . 30 16 Peak Tracking Total 7 | . 7 4 Tactical Retreats 1 | . 1 . Traps | -11 -10 -10 ------- Run | Yrd Mat Sub Traps Triggered 2 | . 2 . Indirectly . | . . . Trap Hack Attempts . | . . . Triggered . | . . . Disarmed . | . . . Reprogrammed . | . . . Reused . | . . . Traps Extracted . | . . . Installed . | . . . Triggered . | . . . Most Traps Carried 1 | . . 1 Machines | -11 -10 -10 ---------- Run | Yrd Mat Sub Machines Disabled . | . . . Max in Single Turn . | . . . Machines Repaired . | . . . Machines Dismantled . | . . . Machines Sabotaged . | . . . Overloaded Fab Kills . | . . . Hacking | -11 -10 -10 --------- Run | Yrd Mat Sub Machines Accessed 5 | . 5 . Terminals 4 | . 4 . Fabricators . | . . . Repair Stations . | . . . Recycling Units 1 | . 1 . Scanalyzers . | . . . Garrison Access . | . . . Total Hacks 13 | . 13 . Successful 8 | . 8 . Failed 5 | . 5 . Catastrophic 1 | . 1 . Database Lockouts . | . . . Manual 15 | . 15 . Terminals 12 | . 12 . Fabricators . | . . . Repair Stations . | . . . Recycling Units 1 | . 1 . Scanalyzers . | . . . Garrison Access . | . . . Terminal Hacks . | . . . Fabricator Hacks . | . . . Repair Station Hacks . | . . . Recycling Unit Hacks . | . . . Scanalyzer . | . . . Garrison Access Hacks . | . . . Unauthorized Hacks 8 | . 8 . Terminals 8 | . 8 . Botnet 4 | . 4 . Skim 4 | . 4 . Fabricators . | . . . Repair Stations . | . . . Recycling Units . | . . . Scanalyzers . | . . . Garrison Access . | . . . Data Cores Recovered . | . . . Used . | . . . Hacking Detections 5 | . 5 . Full Trace Events . | . . . Feedback Events . | . . . Feedback Blocked . | . . . Robot Schematics Acquired . | . . . Robots Built . | . . . Authchips . | . . . Time . | . . . Total Robot Build Rating . | . . . Part Schematics Acquired . | . . . Parts Built . | . . . Authchips . | . . . Time . | . . . Total Part Build Rating . | . . . Part Studies Acquired . | . . . Parts Repaired . | . . . Time . | . . . Parts Recycled . | . . . Recycled Matter . | . . . Retrieved Matter . | . . . Retrieved Components . | . . . Parts Scanalyzed . | . . . Part Schematics Acquired . | . . . Parts Damaged . | . . . Bothacking | -11 -10 -10 ------------ Run | Yrd Mat Sub Used RIF Installer . | . . . Robots Hacked . | . . . Non-combat . | . . . Combat . | . . . Robot Hacks Applied . | . . . Relay Couplers Released . | . . . Fabnet Peak Effective % . | . . . Robots Rewired . | . . . Allies Hacked . | . . . Hacks Repelled . | . . . Allies | -11 -10 -10 -------- Run | Yrd Mat Sub Total Allies . | . . . Largest Group . | . . . Highest-Rated Group . | . . . Highest-Rated Ally . | . . . Total Orders . | . . . Ally Attacks . | . . . Total Damage . | . . . Kills . | . . . Allies Corrupted . | . . . Allies Melted . | . . . Intel | -11 -10 -10 ------- Run | Yrd Mat Sub Active Infowar (turns) . | . . . Robot Analysis Total . | . . . Derelict Logs Recovered 2 | . . 2 Drone Launches . | . . . Drone Recoveries . | . . . Exploration | -11 -10 -10 ------------- Run | Yrd Mat Sub Turns Passed 2493 | 74 1000 1419 Spaces Moved 2060 | 42 1221 797 Core 3 | 2 . 1 Treads 652 | 40 272 340 Legs . | . . . Wheels 246 | . . 246 Hover . | . . . Flight 1159 | . 949 210 Fastest Speed 37 | 50 37 37 Average Speed 101 | 154 64 154 Slowest Speed 260 | 160 160 260 Overloaded Moves . | . . . Propulsion Burnouts . | . . . Robots Hopped 2 | . 2 . Potential Cave-ins . | . . . Cave-ins Triggered . | . . . Exploration Rate (%) 49 | 3 98 47 Regions Visited 2 Branch Regions 1 Pre-discovered Areas 1 | . . 1 Known Exits Taken . | . . . Unknown Exits Taken 2 | 1 1 . Scrap Searched 3 | . . 3 Spaces Dug . | . . . Terrain Destroyed . | . . . Melee . | . . . Projectile . | . . . AOE . | . . . Terrain Rammed . | . . . Walls Destroyed . | . . . Machines Disabled . | . . . Actions | -11 -10 -10 --------- Run | Yrd Mat Sub Total 2282 | 48 1328 906 Wait 29 | . 22 7 Move 2054 | 41 1216 797 Hop 2 | . 2 . Pick Up 16 | 1 8 7 Fast Attach 17 | 6 5 6 Attach 13 | . 4 9 Detach 8 | . 3 5 Swap 8 | . 3 5 Drop 19 | . 9 10 Fire 109 | . 56 53 Melee . | . . . Ram . | . . . Kick . | . . . Crush . | . . . Escape Stasis . | . . . Rewire . | . . . Trap . | . . . Miscellaneous 7 | . . 7 Route ------- -11/Scrapyard -10/Materials (discovered 6 exits: [*Mat x3] / [*Min x2] / [*Sub]) -10/Subcaves (discovered 1 exit: Rec) History --------- Turn | Location | Event 6 | -11/Scrapyard | Discovered new exit (range 15) 75 | -11/Scrapyard | Entered Materials 215 | -10/Materials | Discovered new exit (range 6) 304 | -10/Materials | Build established: Mutant 509 | -10/Materials | Discovered new exit (range 9) 625 | -10/Materials | Core integrity fell below 50% 645 | -10/Materials | Discovered new exit (range 16) 826 | -10/Materials | Discovered new exit (range 3) 853 | -10/Materials | Discovered new exit (range 7) 918 | -10/Materials | Discovered new exit (range 5) 1075 | -10/Materials | Entered Subcaves 1076 | -10/Subcaves | Approached by a straggling Scientist 1078 | -10/Subcaves | Shifting Twisted Machinery released Shrapnel Trap 1088 | -10/Subcaves | Shifting Twisted Machinery released Sub. Machine Gun 1147 | -10/Subcaves | Identified exit to Recycling 1195 | -10/Subcaves | Core integrity fell below 20% 1254 | -10/Subcaves | Disturbed a concealed Subdweller 1658 | -10/Subcaves | Shifting Twisted Machinery released Battle Rifle 1690 | -10/Subcaves | Shifting Twisted Machinery released Sub. Machine Gun 1856 | -10/Subcaves | A swath of the cavern ceiling suddenly collapsed 2194 | -10/Subcaves | Learned location of 1 exit from Materials 2209 | -10/Subcaves | Learned location of Zion (-7) 2209 | -10/Subcaves | Met a Zionite searching for "candidates" 2475 | -10/Subcaves | A Subdweller sparked back to life 2475 | -10/Subcaves | A Subdweller sparked back to life 2475 | -10/Subcaves | A Subdweller sparked back to life 2477 | -10/Subcaves | Ambushed by Subdweller buried in earth 2494 | -10/Subcaves | Destroyed by EZ-UH0(R) with Subdweller Laser Last Messages --------------- here" 02173_ BX-HP9(z): "She is not going to be happy we haven't found any suitable candidates yet." 02194_ Acquired derelict log, extracted data. Data stored: Materials exits (x1). 02209_ BX-HP9(z): "Hey you! It's really dangerous down here, I feel that you could die at any moment. For your health and safety might I suggest a trip to Zion?" World map updated: -7/Zion. 02475_ AZ-HVC(R) creaks and sparks as it begins to move. 02475_ E5-WDR(R) creaks and sparks as it begins to move. 02475_ N1-ESU(R) creaks and sparks as it begins to move. 02477_ Hvy. EM Pulse Gun destroyed. 02478_ EZ-UH0(R): "HIDIE!" 02482_ Scrap Shield destroyed. 02492_ Hvy. EM Pulse Gun destroyed. Map ----- +----------------------------------------------------+ | ??????????????????????? #??## ###??????? | | ??????????????????????? ##???# #????????? | | ??????????????????????? ####????### #####?????? | | ???????????????????????? ????????## # #?????? | | ?????????????????????????????????# #?????? | | ?????????????????????????????????# #?????? | | ?????????????????????????????????## # #?????? | | ??????????????????????????????????# #####?????? | | ????????????????????# ?????### #???????? | | ?????????????????????# ## #???????? | | ?????????????????????# ??# ###??????? | | ????????????????????## ??# ## ## ##?????? | | ????????????????????# ??###### ### #?????? | | ?????????????????????? ### ## ## #?????? | | ???????????????????????# # ##?????? | | ???????????????????????# ## # # #??????? | | ??????????????????????## ## ##### ###??????? | | ?????????????????????## ?# ##### ##????????? | | ?????????? ?????###?## ## # #####?????????? | | ???????? ????## ### #???????????? | | ??????? ???## ## ## ##???????????? | | ??????? ### #?????## ##???????????? | | ??????? #??#### #???????????? | | ???????? " ?## ### #???????????? | | ?????????# #??# < ## ##?## #???????????? | | ??????????# #?# @ ##???# #???????????? | | ??????????# ## < ###????# #???????????? | | ??????????# < << # ##?????? #???????????? | | ??????????# #"# ##?????? #???????????? | | ??????????# ";R #?????? ???????????? | | ??????????# ;R ###?????? ??????????? | | ??????????#" ; #???????? ?????????? | | ?????# ##" ##??????? #?????????? | | ?????# ##?????? ##?????????? | | ????# R ### #?????? #??????????? | | ???# #" #?## #????? ###??????????? | | ???## ?# ; ##??## #?????###?????????????? | | ????###???### # #????###?????????????????????? | | ????????????## ######????????????????????????????? | | ?????????????##??????????????????????????????????? | | ?????????????????????????????????????????????????? | | ?????????????????????????????????????????????????? | | ?????????????????????????????????????????????????? | | ?????????????????????????????????????????????????? | | ?????????????????????????????????????????????????? | | ?????????????????????????????????????????????????? | | ?????????????????????????????????????????????????? | | ?????????????????????????????????????????????????? | | ?????????????????????????????????????????????????? | | ?????????????????????????????????????????????????? | +----------------------------------------------------+ Best States ------------- Heat Dissipation 25 Energy Generation 15 Energy Capacity 265 Matter Stores 300 Matter Capacity 300 Sight Range 16 Terrain Scan Density 10 Armor Coverage 800 Evasion (%) 62 Recoil Reduction 2 Item Schematics ----------------- None Robot Schematics ------------------ None Fabricated ------------ Nothing Repaired ---------- Nothing Studied --------- None Alien Tech Used ----------------- None Achievements -------------- Survival Of The Most Covered Challenges ------------ None Game ------ Seed OmegaAssaultPlatform Manual? 0 Play Time 00:26:49 Cumulative 19.6 hours Start 2026.03.24 @ 17:05:17 End 2026.03.24 @ 17:31:54 Sessions 1 Manual Loads 0 Difficulty Rogue Special Mode None Game No. 27 Rogue 27 Adventurer 0 Explorer 0 Win Type - Total 0 Types 0/0/0/0/0/0/0/0/0/0 Lore% 9 Gallery% 18 Achievement% 18 Wizard Run 0 Options --------- Layout 1 ASCII 0 Keyboard 0 Movement Mouse Keybinds 0 Fullscreen 1 Font 48/Smallcaps Map View 50x35 Zoom Use 0% Tactical HUD 1 Map Filters NONE Filters NONE Steam 1 RUN: 7d2fdf47-a808-4411-a808-7d46764f55c7